 Dungeon Crawl Stone Soup version 0.19.5 (webtiles) character file.

2353 MenacingMecha the Spear-Bearer (level 9, -4/66 HPs)
             Began as a Merfolk Skald on May 2, 2017.
             Was a Priest of Okawaru.
             Impaled on a porcupine's spines (5 damage)
             ... on level 8 of the Dungeon.
             The game lasted 00:41:04 (11322 turns).

MenacingMecha the Spear-Bearer (Merfolk Skald)     Turns: 11322, Time: 00:41:05

Health: -4/66      AC:  7    Str: 10 (13) XL:     9   Next: 43%
Magic:  20/21      EV: 25    Int:  9 (12) God:    Okawaru [***...]
Gold:   283        SH: 11    Dex: 18 (20) Spells: 5 memorised, 1 level left

rFire  . . .     SeeInvis .     a - +1 spear
rCold  . . .     Gourm    .     y - +1 leather armour
rNeg   . . .     Faith    .     n - +2 buckler
rPois  .         Spirit   .     (no helmet)
rElec  .         Reflect  +     x - +0 cloak
rCorr  .         Harm     .     r - +0 pair of gloves (curse)
MR     .....                    (no boots)
Stlth  ++++......               m - +2 amulet of reflection
                                (no ring)
                                p - ring of magical power

@: agile, heroism, very slightly contaminated
A: change form in water, swift swim, stealthy swim
a: Heroism, Renounce Religion


You were on level 8 of the Dungeon.
You worshipped Okawaru.
Okawaru was most pleased with you.
You were full.

You visited 2 branches of the dungeon, and saw 9 of its levels.
You also visited: Sewer.

You collected 283 gold pieces.

Inventory:

Hand Weapons
 a - a +1 spear (weapon)
 b - a +0 blowgun
Missiles
 h - 19 javelins (quivered)
Armour
 n - a +2 buckler (worn)
 r - a cursed +0 pair of gloves (worn)
 x - a +0 cloak (worn)
 y - a +1 leather armour (worn)
Jewellery
 i - an uncursed amulet of the gourmand
 m - a +2 amulet of reflection (around neck)
 p - a ring of magical power (left hand)
Wands
 t - a wand of lightning (3/15)
Scrolls
 e - a scroll of magic mapping
 j - 3 scrolls of identify
 u - 2 scrolls of amnesia
 B - 2 scrolls of remove curse
 G - 2 scrolls of recharging
Potions
 g - a potion of cure mutation
 o - a potion of brilliance
 C - 2 potions of curing
Books
 c - a book of Battle

   Spells                             Type                      Level
   a - Infusion                       Charms                       1
   b - Shroud of Golubria             Charms/Translocation         2
   c - Song of Slaying                Charms                       2
   d - Spectral Weapon                Hexes/Charms                 3
   e - Regeneration                   Charms/Necromancy            3
Comestibles
 d - 2 bread rations
 k - 2 beef jerkies
 l - a royal jelly
 q - 3 chunks of flesh
 v - 4 fruits
 w - 2 meat rations


   Skills:
 - Level 4.3(9.3) Fighting
 - Level 12.0(17.0) Polearms
 - Level 0.6(5.6) Armour
 + Level 6.6(11.6) Dodging
 - Level 1.3(6.3) Stealth
 - Level 4.5(9.5) Shields
 - Level 2.0 Spellcasting
 - Level 5.6 Charms
 + Level 0.7 Translocations


You had one spell level left.
You knew the following spells:

 Your Spells              Type           Power        Failure   Level  Hunger
a - Infusion              Chrm           ##..         4%          1    ##.....
b - Song of Slaying       Chrm           ##......     10%         2    ###....
c - Regeneration          Chrm/Necr      #.........   47%         3    ####...
d - Spectral Weapon       Hex/Chrm       #.......     47%         3    ####...
e - Shroud of Golubria    Chrm/Tloc      #.........   21%         2    ###....


Dungeon Overview and Level Annotations

Branches:
Dungeon (8/15)             Temple (1/1) D:4
   Lair: D:8-11

Altars:
Ashenzari
Cheibriados
Dithmenos
Elyvilon
Gozag
Hepliaklqana
Kikubaaqudgha
Makhleb
Nemelex Xobeh
Okawaru
Qazlal
Ru
Sif Muna
Trog
Xom
Yredelemnul
Zin

Annotations:
D:2 1 runed door
D:7 Joseph


Message History

The porcupine bites you.
* * * LOW HITPOINT WARNING * * *
You block the porcupine's attack.
You are struck by the porcupine's spines.
* * * LOW HITPOINT WARNING * * *
You hit the porcupine.
The porcupine is lightly wounded.
You hit the porcupine.
The porcupine is moderately wounded.
The porcupine completely misses you.
You puncture the porcupine!
The porcupine is severely wounded.
You block the porcupine's attack.
You hit the porcupine but do no damage.
The porcupine is severely wounded.
You hit the porcupine.
The porcupine is almost dead.
The porcupine completely misses you.
You are struck by the porcupine's spines.
You die...

### ### #@### ..#
##r.## #.# ##..#
#..#######.r.#
#............##
#..
#...r.........#
#....
#...######....#
##........ ##...#
##...###.........
#....#
###.##..........


You could see a porcupine and a river rat.

Vanquished Creatures
  A hippogriff (D:8)
  A wyvern (D:8)
  A porcupine (D:8)
  An ice beast (D:5)
  An ogre (D:6)
  3 centaurs (D:5)
  A crocodile (D:8)
  A big kobold (D:5)
  4 bullfrogs
  A howler monkey (D:4)
  2 crimson imps (D:6)
  2 hounds
  A jelly (D:6)
  6 orc priests
  5 orc wizards
  A gnoll shaman (D:6)
  Jessica (D:2)
  An iguana (D:6)
  2 worker ants
  A worker ant zombie (D:5)
  Robin (D:2)
  4 gnolls (D:6)
  15 adders
  5 river rats
  9 oozes (Sewer)
  2 adder zombies (D:6)
  An adder skeleton (D:4)
  2 worms
  2 dart slugs
  7 leopard geckos
  16 orcs
  11 ball pythons
  18 giant cockroaches
  19 goblins
  10 hobgoblins
  5 jackals
  7 kobolds
  5 quokkas
  9 bats
  13 frilled lizards
  A quokka skeleton (D:5)
  7 rats
206 creatures vanquished.

Vanquished Creatures (others)
  An orc wizard (D:5)
  A gnoll (D:6)
  2 bushes (D:8)
  3 fungi (D:8)
  8 plants (D:8)
15 creatures vanquished.

Grand Total: 221 creatures vanquished

Notes
Turn   | Place    | Note
-------+----------+-------------------------------------------
     0 | D:1      | MenacingMecha the Merfolk Skald began the quest for the Orb.
     0 | D:1      | Reached XP level 1. HP: 16/16 MP: 3/3
   233 | D:1      | Reached skill level 4 in Polearms
   233 | D:1      | Reached XP level 2. HP: 12/22 MP: 5/5
  1084 | D:2      | Reached skill level 5 in Polearms
  1084 | D:2      | Reached XP level 3. HP: 23/27 MP: 6/6
  1179 | D:2      | Noticed Jessica
  1227 | D:2      | Noticed Robin
  1947 | D:1      | Reached skill level 6 in Polearms
  2136 | D:2      | Reached XP level 4. HP: 33/33 MP: 7/7
  2793 | D:3      | Found a shadowy altar of Dithmenos.
  2918 | D:3      | Reached skill level 7 in Polearms
  3190 | D:4      | Found a staircase to the Ecumenical Temple.
  3204 | Temple   | Entered the Ecumenical Temple
  3271 | Temple   | Became a worshipper of Warmaster Okawaru
  3409 | D:4      | Reached XP level 5. HP: 18/38 MP: 8/8
  3714 | D:4      | Reached skill level 8 in Polearms
  4068 | D:4      | Reached XP level 6. HP: 37/44 MP: 9/9
  4222 | D:4      | Found an ancient bone altar of Kikubaaqudgha.
  4468 | D:2      | Killed Robin
  4468 | D:2      | Reached skill level 9 in Polearms
  5057 | D:2      | Killed Jessica
  5216 | D:2      | Found a runed door.
  5768 | D:5      | Entered Level 5 of the Dungeon
  5821 | D:5      | Reached * piety under Okawaru
  5821 | D:5      | Reached skill level 10 in Polearms
  5821 | D:5      | Reached XP level 7. HP: 43/50 MP: 10/10
  5825 | D:5      | Found a glowing drain.
  6298 | Sewer    | Entered a sewer
  6614 | Sewer    | Reached skill level 11 in Polearms
  7146 | D:5      | Found an opulent altar of Gozag.
  7259 | D:5      | Reached skill level 12 in Polearms
  7571 | D:5      | Reached ** piety under Okawaru
  7803 | D:5      | Reached XP level 8. HP: 47/56 MP: 11/11
  8361 | D:5      | Reached skill level 5 in Dodging
  9717 | D:6      | Reached skill level 1 in Stealth
  9722 | D:6      | Found a shattered altar of Ashenzari.
  9751 | D:6      | Learned a level 2 spell: Song of Slaying
  9755 | D:6      | Learned a level 3 spell: Regeneration
  9759 | D:6      | Learned a level 3 spell: Spectral Weapon
 10059 | D:6      | Found a bloodstained altar of Trog.
 10085 | D:6      | Reached skill level 5 in Charms
 10214 | D:6      | Reached XP level 9. HP: 51/66 MP: 12/12
 10218 | D:6      | Learned a level 2 spell: Shroud of Golubria
 10313 | D:6      | Found a stormy altar of Qazlal.
 10373 | D:6      | Found a burning altar of Makhleb.
 10486 | D:6      | Reached skill level 1 in Shields
 10554 | D:6      | Found a shimmering altar of Xom.
 10720 | D:7      | Noticed Joseph
 10805 | D:8      | Reached *** piety under Okawaru
 11317 | D:8      | HP: 1/66 [porcupine's spines (10)]
 11322 | D:8      | Impaled on a porcupine's spines

Skill      XL: |  1  2  3  4  5  6  7  8  9 |
---------------+----------------------------+-----
Polearms       | 4 5 6 7 8 10 12 | 12.0
Dodging        | 3 6 |  6.6
Fighting       | 4 |  4.3
Stealth        | 1 |  1.3
Charms         | 5 |  5.6
Shields        | 4 |  4.5
Armour         | |  0.6
Spellcasting   | |  2.0
Translocations | |  0.7

Action                   |  1- 3 |  4- 6 |  7- 9 || total
-------------------------+-------+-------+-------++-------
Melee: Spear             |   155 |   347 |   709 ||  1211
       Tailslap          |     1 |       |    19 ||    20
 Fire: Blowgun           |       |       |   102 ||   102
Throw: Javelin           |       |       |     5 ||     5
Invok: Heroism           |       |       |     5 ||     5
  Use: Scroll            |       |     7 |     8 ||    15
       Potion            |       |     3 |     9 ||    12
 Stab: Sleeping          |       |       |     6 ||     6
  Eat: Chunk             |     4 |    14 |    22 ||    40
Armor: Leather armour    |    31 |     9 |    99 ||   139
       Ring mail         |       |    79 |       ||    79
Dodge: Dodged            |    73 |   146 |   268 ||   487
Block: Buckler           |    15 |    83 |   128 ||   226
